| TOP OF THE 1ST |
|
University of Arizona Wildcats batting - Pitching for Vanderbilt University Commodores : RHP Ramiro Silva
|
|
Pitching: RHP Ramiro Silva
|
|
|
Batting: LHB Bruce Arvizu
|
0-0: Called Strike 0-1: Swinging Strike 0-2: Ball 1-2: Ball 2-2: Ball 3-2: Fly out, F8 (Flyball, 8RS, EV 88.8 MPH)
|
|
Batting: RHB Miguel Villanueva
|
0-0: SINGLE (Flyball, 6MD, EV 87.5 MPH)
|
|
Batting: RHB Andy Bachman
|
0-0: Ball 1-0: Called Strike 1-1: Ball 2-1: Swinging Strike 2-2: Ball 3-2: Reached on error, E4 (Groundball, 4M, EV 88.1 MPH) Miguel Villanueva to second
|
|
Batting: LHB Cody Humphries
|
0-0: Called Strike 0-1: Fielders Choice at 2nd, 4-6 (Groundball, 4, EV 107.5 MPH) Miguel Villanueva to third
|
|
Batting: RHB Carlos Teniente
|
0-0: Ball 1-0: Ball 2-0: Foul Ball, location: 2F 2-1: Swinging Strike 2-2: Foul Ball, location: 2F 2-2: Fly out, F8 (Flyball, 8RD, EV 90.0 MPH)
|
| Top of the 1st over - 0 runs, 1 hit, 1 error, 2 left on base; University of Arizona 0 - Vanderbilt University 0 |
| BOTTOM OF THE 1ST |
|
Vanderbilt University Commodores batting - Pitching for University of Arizona Wildcats : RHP Adam Oyler
|
|
Pitching: RHP Adam Oyler
|
|
|
Batting: RHB Ben Politi
|
0-0: Ball 1-0: Called Strike 1-1: Swinging Strike 1-2: Foul Ball, location: 2F 1-2: Ball 2-2: Ball 3-2: Base on Balls
|
|
Batting: RHB Sam Spohn
|
0-0: Called Strike 0-1: Foul Ball, location: 2F 0-2: Ball 1-2: Ball 2-2: Ball 3-2: 2-RUN HOME RUN (Flyball, 9D, EV 95.0 MPH), Distance : 366 ft
|
|
Batting: RHB Chris Maul
|
0-0: Ball 1-0: Called Strike 1-1: Ball 2-1: Ball 3-1: Base on Balls
|
|
Batting: RHB Jonathan Mendoza
|
0-0: Called Strike 0-1: Ball 1-1: Ball 2-1: Ball 3-1: Swinging Strike 3-2: Strikes out swinging Chris Maul is caught stealing 2nd base 2-4 Batter strikes out.
|
|
Batting: LHB Jeremy Robertson
|
0-0: Swinging Strike 0-1: Foul Ball, location: 2F 0-2: Strikes out looking
|
| Bottom of the 1st over - 2 runs, 1 hit, 0 errors, 0 left on base; University of Arizona 0 - Vanderbilt University 2 |
| TOP OF THE 2ND |
|
University of Arizona Wildcats batting - Pitching for Vanderbilt University Commodores : RHP Ramiro Silva
|
|
Batting: RHB Allen Deschamps
|
0-0: Swinging Strike 0-1: Foul Ball, location: 2F 0-2: Ball 1-2: Foul Ball, location: 2F 1-2: Ball 2-2: Fly out, F5 (Popup, 5SF, EV 80.0 MPH)
|
|
Batting: RHB Abdel Ambar
|
0-0: Ball 1-0: Ball 2-0: Ball 3-0: Called Strike 3-1: Swinging Strike 3-2: Foul Ball, location: 2F 3-2: Strikes out swinging
|
|
Batting: RHB Costantino Dolfini
|
0-0: Ball 1-0: Ground out 1-3 (Groundball, 15S, EV 64.4 MPH)
|
| Top of the 2nd over - 0 runs, 0 hits, 0 errors, 0 left on base; University of Arizona 0 - Vanderbilt University 2 |
| BOTTOM OF THE 2ND |
|
Vanderbilt University Commodores batting - Pitching for University of Arizona Wildcats : RHP Adam Oyler
|
|
Batting: RHB Jeremy Harden
|
0-0: Ball 1-0: Swinging Strike 1-1: Called Strike 1-2: Strikes out swinging
|
|
Batting: RHB Chris Bohm
|
0-0: Ball 1-0: Ball 2-0: SINGLE (Groundball, 6MD, EV 94.4 MPH)
|
|
Batting: RHB D.J. Cooke
|
0-0: Foul Ball, location: 2F 0-1: Ball 1-1: Ball 2-1: Foul Ball, location: 2F 2-2: Ball 3-2: Base on Balls Chris Bohm to second
|
|
Batting: RHB Michael Powell
|
0-0: Ball 1-0: Swinging Strike 1-1: Foul Ball, location: 2F 1-2: Ball 2-2: Ball 3-2: Strikes out swinging
|
|
Batting: RHB Ben Politi
|
0-0: Ball 1-0: Swinging Strike 1-1: Foul Ball, location: 2F 1-2: Fly out, F8 (Line Drive, 8RD, EV 92.5 MPH)
|
| Bottom of the 2nd over - 0 runs, 1 hit, 0 errors, 2 left on base; University of Arizona 0 - Vanderbilt University 2 |
| TOP OF THE 3RD |
|
University of Arizona Wildcats batting - Pitching for Vanderbilt University Commodores : RHP Ramiro Silva
|
|
Batting: SHB Greg Rivera
|
0-0: Foul Ball, location: 2F 0-1: Swinging Strike 0-2: Foul Ball, location: 2F 0-2: Strikes out swinging
|
|
Batting: LHB Bruce Arvizu
|
0-0: Ball 1-0: Ball 2-0: Foul Ball, location: 2F 2-1: Ball 3-1: DOUBLE (Line Drive, 9LM, EV 100.6 MPH)
|
|
Batting: RHB Miguel Villanueva
|
0-0: SINGLE (Line Drive, 4D, EV 94.4 MPH) Bruce Arvizu to third Runner from 3rd tries for Home, SAFE, throw by CF to home
|
|
Batting: RHB Andy Bachman
|
0-0: SINGLE (Groundball, 6MD, EV 100.0 MPH) Miguel Villanueva to second
|
|
Batting: LHB Cody Humphries
|
0-0: Called Strike 0-1: Ball 1-1: Foul Ball, location: 2F 1-2: Strikes out swinging
|
|
Batting: RHB Carlos Teniente
|
0-0: Ball 1-0: Called Strike 1-1: Swinging Strike 1-2: Strikes out swinging
|
| Top of the 3rd over - 1 run, 3 hits, 0 errors, 2 left on base; University of Arizona 1 - Vanderbilt University 2 |
| BOTTOM OF THE 3RD |
|
Vanderbilt University Commodores batting - Pitching for University of Arizona Wildcats : RHP Adam Oyler
|
|
Batting: RHB Sam Spohn
|
0-0: Called Strike 0-1: Ball 1-1: Ball 2-1: Foul Ball, location: 2F 2-2: Foul Ball, location: 2F 2-2: DOUBLE (Line Drive, 5D, EV 94.4 MPH)
|
|
Batting: RHB Chris Maul
|
0-0: Ball 1-0: Fly out, F9 (Flyball, 89M, EV 89.4 MPH)
|
|
Batting: RHB Jonathan Mendoza
|
0-0: Swinging Strike 0-1: Ball 1-1: Ground out 2-3 (Groundball, 2R, EV 68.8 MPH) Sam Spohn to third
|
|
Batting: LHB Jeremy Robertson
|
0-0: Ball 1-0: Ball 2-0: Ground out 4-3 (Groundball, 34D, EV 110.6 MPH)
|
| Bottom of the 3rd over - 0 runs, 1 hit, 0 errors, 1 left on base; University of Arizona 1 - Vanderbilt University 2 |
| TOP OF THE 4TH |
|
University of Arizona Wildcats batting - Pitching for Vanderbilt University Commodores : RHP Ramiro Silva
|
|
Batting: RHB Allen Deschamps
|
0-0: Foul Ball, location: 2F 0-1: Swinging Strike 0-2: Ball 1-2: Ball 2-2: Strikes out swinging
|
|
Batting: RHB Abdel Ambar
|
0-0: Ball 1-0: Foul Ball, location: 2F 1-1: Ball 2-1: Ball 3-1: Foul Ball, location: 2F 3-2: Ground out 1-3 (Groundball, 15S, EV 68.8 MPH)
|
|
Batting: RHB Costantino Dolfini
|
0-0: Fly out, F9 (Line Drive, 89M, EV 109.4 MPH)
|
| Top of the 4th over - 0 runs, 0 hits, 0 errors, 0 left on base; University of Arizona 1 - Vanderbilt University 2 |
| BOTTOM OF THE 4TH |
|
Vanderbilt University Commodores batting - Pitching for University of Arizona Wildcats : RHP Adam Oyler
|
|
Batting: RHB Jeremy Harden
|
0-0: Swinging Strike 0-1: Ball 1-1: Fly out, F9 (Flyball, 9LM, EV 95.0 MPH)
|
|
Batting: RHB Chris Bohm
|
0-0: Called Strike 0-1: Ground out 5-3 (Groundball, 15, EV 88.1 MPH)
|
|
Batting: RHB D.J. Cooke
|
0-0: Ball 1-0: Ground out 5-3 (Groundball, 56S, EV 87.5 MPH)
|
| Bottom of the 4th over - 0 runs, 0 hits, 0 errors, 0 left on base; University of Arizona 1 - Vanderbilt University 2 |
| TOP OF THE 5TH |
|
University of Arizona Wildcats batting - Pitching for Vanderbilt University Commodores : RHP Ramiro Silva
|
|
Batting: SHB Greg Rivera
|
0-0: Ball 1-0: SINGLE (Groundball, 6D, EV 105.0 MPH)
|
|
Batting: LHB Bruce Arvizu
|
0-0: Bunt missed! 0-1: Sac Bunt to P - play at second, runner OUT! 1-6
|
|
Batting: RHB Miguel Villanueva
|
0-0: Called Strike 0-1: Fly out, F7 (Line Drive, 7, EV 106.9 MPH)
|
|
Batting: RHB Andy Bachman
|
0-0: Swinging Strike 0-1: Ball 1-1: Ball 2-1: Foul Ball, location: 2F 2-2: Strikes out looking
|
| Top of the 5th over - 0 runs, 1 hit, 0 errors, 1 left on base; University of Arizona 1 - Vanderbilt University 2 |
| BOTTOM OF THE 5TH |
|
Vanderbilt University Commodores batting - Pitching for University of Arizona Wildcats : RHP Adam Oyler
|
|
Batting: RHB Michael Powell
|
0-0: Ball 1-0: Ball 2-0: Ball 3-0: Called Strike 3-1: Ground out 1-3 (Groundball, 13S, EV 70.0 MPH)
|
|
Batting: RHB Ben Politi
|
0-0: Ball 1-0: SINGLE (Flyball, 8RS, EV 92.5 MPH)
|
|
Batting: RHB Sam Spohn
|
0-0: Called Strike 0-1: Ball 1-1: Called Strike 1-2: Ball 2-2: Foul Ball, location: 2F 2-2: Foul Ball, location: 2F 2-2: Ball 3-2: SINGLE (Groundball, 56D, EV 95.6 MPH) Ben Politi to second
|
|
Pitching: RHP Chance Griffin
|
|
|
Batting: RHB Chris Maul
|
0-0: Ground out 6-3 (Groundball, 6S, EV 63.1 MPH) Ben Politi to third Sam Spohn to second
|
|
Batting: RHB Jonathan Mendoza
|
0-0: Fly out, F9 (Flyball, 9LM, EV 101.9 MPH)
|
| Bottom of the 5th over - 0 runs, 2 hits, 0 errors, 2 left on base; University of Arizona 1 - Vanderbilt University 2 |
| TOP OF THE 6TH |
|
University of Arizona Wildcats batting - Pitching for Vanderbilt University Commodores : RHP Ramiro Silva
|
|
Pitching: RHP Bobby Valenzuela
|
|
|
Batting: LHB Cody Humphries
|
0-0: SINGLE (Groundball, 34D, EV 110.0 MPH)
|
|
Batting: RHB Carlos Teniente
|
0-0: Ball 1-0: Fly out, F9 (Flyball, 89S, EV 93.1 MPH)
|
|
Batting: RHB Allen Deschamps
|
0-0: Ball 1-0: Foul Ball, location: 2F 1-1: Called Strike 1-2: Strikes out swinging
|
|
Batting: RHB Abdel Ambar
|
0-0: Ball 1-0: Ball 2-0: Ball 3-0: Base on Balls Cody Humphries to second
|
|
Batting: RHB Costantino Dolfini
|
0-0: Ball 1-0: Foul Ball, location: 2F 1-1: Swinging Strike 1-2: Foul Ball, location: 2F 1-2: Strikes out looking
|
| Top of the 6th over - 0 runs, 1 hit, 0 errors, 2 left on base; University of Arizona 1 - Vanderbilt University 2 |
| BOTTOM OF THE 6TH |
|
Vanderbilt University Commodores batting - Pitching for University of Arizona Wildcats : RHP Chance Griffin
|
|
Batting: LHB Jeremy Robertson
|
0-0: Called Strike 0-1: Foul Ball, location: 2F 0-2: Ball 1-2: Foul Ball, location: 2F 1-2: Strikes out swinging
|
|
Batting: RHB Jeremy Harden
|
0-0: Fly out, F8 (Flyball, 8RM, EV 89.4 MPH)
|
|
Batting: RHB Chris Bohm
|
0-0: Ball 1-0: Ball 2-0: Foul Ball, location: 2F 2-1: Ground out 1-3 (Groundball, 13S, EV 67.5 MPH)
|
| Bottom of the 6th over - 0 runs, 0 hits, 0 errors, 0 left on base; University of Arizona 1 - Vanderbilt University 2 |
| TOP OF THE 7TH |
|
University of Arizona Wildcats batting - Pitching for Vanderbilt University Commodores : RHP Bobby Valenzuela
|
|
Batting: SHB Greg Rivera
|
0-0: Swinging Strike 0-1: Called Strike 0-2: Strikes out swinging
|
|
Batting: LHB Bruce Arvizu
|
0-0: Called Strike 0-1: Ball 1-1: Ball 2-1: Ball 3-1: Foul Ball, location: 2F 3-2: Strikes out swinging
|
|
Batting: RHB Miguel Villanueva
|
0-0: Called Strike 0-1: Fly out, F5 (Popup, 5F, EV 71.9 MPH)
|
| Top of the 7th over - 0 runs, 0 hits, 0 errors, 0 left on base; University of Arizona 1 - Vanderbilt University 2 |
| BOTTOM OF THE 7TH |
|
Vanderbilt University Commodores batting - Pitching for University of Arizona Wildcats : RHP Chance Griffin
|
|
Batting: RHB D.J. Cooke
|
0-0: Ball 1-0: Called Strike 1-1: Foul Ball, location: 2F 1-2: Ball 2-2: Ball 3-2: Strikes out swinging
|
|
Batting: RHB Michael Powell
|
0-0: Foul Ball, location: 2F 0-1: Foul Ball, location: 2F 0-2: Ball 1-2: Ball 2-2: SINGLE (Line Drive, 8LS, EV 92.5 MPH)
|
|
Batting: RHB Ben Politi
|
0-0: DOUBLE (Flyball, 89D, EV 105.6 MPH) Michael Powell to third
|
|
Batting: RHB Sam Spohn
|
0-0: Ground out 6-3 (Groundball, 56, EV 90.0 MPH)
|
|
Batting: RHB Chris Maul
|
0-0: Called Strike 0-1: Ground out 6-3 (Groundball, 6, EV 85.0 MPH)
|
| Bottom of the 7th over - 0 runs, 2 hits, 0 errors, 2 left on base; University of Arizona 1 - Vanderbilt University 2 |
| TOP OF THE 8TH |
|
University of Arizona Wildcats batting - Pitching for Vanderbilt University Commodores : RHP Bobby Valenzuela
|
|
Pitching: LHP Jonas Jennings
|
|
|
Batting: RHB Andy Bachman
|
0-0: Foul Ball, location: 2F 0-1: Foul Ball, location: 2F 0-2: Ball 1-2: Ball 2-2: Foul Ball, location: 2F 2-2: Ball 3-2: Foul Ball, location: 2F 3-2: SOLO HOME RUN (Flyball, 89XD, EV 97.5 MPH), Distance : 378 ft
|
|
Batting: LHB Cody Humphries
|
0-0: Ball 1-0: Ball 2-0: Called Strike 2-1: Ground out 4-3 (Groundball, 4, EV 81.9 MPH)
|
|
Batting: RHB Carlos Teniente
|
0-0: Ball 1-0: Ball 2-0: Ground out 4-3 (Groundball, 4M, EV 92.5 MPH)
|
|
Batting: RHB Allen Deschamps
|
0-0: Ball 1-0: Fly out, F9 (Line Drive, 9, EV 93.1 MPH)
|
| Top of the 8th over - 1 run, 1 hit, 0 errors, 0 left on base; University of Arizona 2 - Vanderbilt University 2 |
| BOTTOM OF THE 8TH |
|
Vanderbilt University Commodores batting - Pitching for University of Arizona Wildcats : RHP Chance Griffin
|
|
Batting: RHB Jonathan Mendoza
|
0-0: Foul Ball, location: 2F 0-1: SOLO HOME RUN (Flyball, 9D, EV 93.1 MPH), Distance : 344 ft
|
|
Batting: LHB Jeremy Robertson
|
0-0: Ball 1-0: Called Strike 1-1: Foul Ball, location: 2F 1-2: Ball 2-2: Foul Ball, location: 2F 2-2: Foul Ball, location: 2F 2-2: Ground out 4-3 (Groundball, 4S, EV 93.8 MPH)
|
|
Batting: RHB Jeremy Harden
|
0-0: Ball 1-0: Ball 2-0: Ball 3-0: Called Strike 3-1: Foul Ball, location: 2F 3-2: Base on Balls
|
|
Pitching: RHP Chris Santos
|
|
|
Batting: RHB Chris Bohm
|
0-0: Swinging Strike 0-1: Foul Ball, location: 2F 0-2: Ball 1-2: Ball Wild Pitch! Jeremy Harden to second 2-2: Ground out 6-3 (Groundball, 6, EV 91.9 MPH)
|
|
Batting: RHB D.J. Cooke
|
0-0: Ball 1-0: Ball 2-0: Swinging Strike 2-1: Called Strike 2-2: Ball 3-2: Foul Ball, location: 2F 3-2: Foul Ball, location: 2F 3-2: Fly out, F9 (Flyball, 9, EV 88.8 MPH)
|
| Bottom of the 8th over - 1 run, 1 hit, 0 errors, 1 left on base; University of Arizona 2 - Vanderbilt University 3 |
| TOP OF THE 9TH |
|
University of Arizona Wildcats batting - Pitching for Vanderbilt University Commodores : LHP Jonas Jennings
|
|
Pitching: RHP Adam Silbert
|
|
|
Pinch Hitting: LHB Daigo Ishii
|
0-0: Swinging Strike 0-1: Ball 1-1: Ball 2-1: Swinging Strike 2-2: Foul Ball, location: 2F 2-2: Foul Ball, location: 2F 2-2: Strikes out swinging
|
|
Pinch Hitting: RHB Andy Garvin
|
0-0: Ball 1-0: Foul Ball, location: 2F 1-1: Called Strike 1-2: Ball 2-2: Foul Ball, location: 2F 2-2: Strikes out swinging
|
|
Pinch Hitting: LHB Rich Kuehne
|
0-0: Called Strike 0-1: Ball 1-1: Foul Ball, location: 2F 1-2: Strikes out swinging
|
| Top of the 9th over - 0 runs, 0 hits, 0 errors, 0 left on base; University of Arizona 2 - Vanderbilt University 3 |
|